 Dungeon Crawl Stone Soup version 0.14.2 (webtiles) character file.

451 Amnesiac the Twirler (level 5, -1/25 HPs)
             Began as a Spriggan Gladiator on Feb 11, 2018.
             Was an Initiate of Nemelex Xobeh.
             Slain by Grinder (2 damage)
             ... while paralysed by Grinder
             ... on Level 2 of the Dungeon.
             The game lasted 00:09:55 (6520 turns).

Amnesiac the Twirler (Spriggan Gladiator)           Turns: 6520, Time: 00:09:55

HP  -1/25        AC  2     Str 12      XL: 5   Next: 89%
MP  10/10        EV  4     Int 10      God: Nemelex Xobeh [......]
Gold 199         SH  0     Dex 16      Spells:  0 memorised,  4 levels left

rFire  . . .     SeeInvis +     a - +0 quarterstaff
rCold  . . .     Clarity  +     b - +0 animal skin
rNeg   . . .     Conserve .     (shield restricted)
rPois  .         rCorr    .     c - +0 hat
rElec  .         rRot     .     (no cloak)
SustAb . .       Spirit   .     (gloves unavailable)
rMut   .         Warding  .     (boots unavailable)
Saprov . . .     Stasis   .     k - amulet of clarity
MR     .....                    (no ring)
                                (no ring)

@: paralysed, very quick, not resistant to hostile enchantments, unstealthy
A: unfitting armour, see invisible, herbivore 3, speed 3, slow metabolism 2
a: Renounce Religion


You were on level 2 of the Dungeon.
You worshipped Nemelex Xobeh.
Nemelex Xobeh was noncommittal.
You were not hungry.

You visited 1 branch of the dungeon, and saw 5 of its levels.

You collected 217 gold pieces.

Inventory:

Hand weapons
 a - a +0,+0 quarterstaff (weapon)
Missiles
 d - a throwing net (quivered)
 D - a stone
Armour
 b - a +0 animal skin (worn)
 c - a +0 hat (worn)
Magical devices
 z - a wand of paralysis (4)
Comestibles
 g - a choko
 h - 4 bread rations
 l - 10 strawberries
 m - a pear
 C - 11 grapes
Scrolls
 i - 2 scrolls of teleportation {!r}
 j - 4 scrolls of remove curse {!r}
 o - a scroll of immolation {!r}
 t - a scroll of magic mapping {!r}
 u - a scroll of enchant weapon I {!r}
 v - a scroll of enchant armour {!r}
 x - a scroll of noise {!r}
 y - a scroll of random uselessness {!r}
 B - a scroll of fog {!r}
Jewellery
 k - an amulet of clarity (around neck)
 n - a -3 ring of intelligence
 s - a -3 ring of evasion
Potions
 p - a potion of cure mutation {!q}
 q - a potion of mutation {!q}
 r - 3 potions of restore abilities {!q}
 A - a potion of haste {!q}
Miscellaneous
 e - a plain deck of defence {drawn: 2}
 f - a plain deck of escape {drawn: 1}


   Skills:
 - Level 1.5 Fighting
 - Level 5.0 Staves
 - Level 2.1 Throwing
 - Level 4.4 Dodging
 + Level 0.4 Evocations


You had 4 spell levels left.
You didn't know any spells.

Dungeon Overview and Level Annotations

Branches:
Dungeon (5/15)
 Temple: D:4-7

Altars:
Ashenzari
Cheibriados
Kikubaaqudgha
Nemelex Xobeh
Zin

Annotations:
D:2 Grinder
D:3 Sigmund


Innate Abilities, Weirdness & Mutations

You are tiny and cannot use many weapons and most armour.
You have supernaturally acute eyesight.
You are a herbivore.
You cover ground extremely quickly.
You need consume almost no food.


Message History

You hit Grinder but do no damage.
Grinder is lightly wounded.
The helpless Grinder fails to defend himself.
You sock Grinder!
Grinder is moderately wounded.
The helpless Grinder fails to defend himself.
You hit Grinder.
Grinder is heavily wounded.
The helpless Grinder fails to defend himself.
You hit Grinder.
Grinder is heavily wounded.
Drink which item? (? for menu, Esc to quit)
Really quaff
w - 2 potions of curing {!q}?
You feel better.
The helpless Grinder fails to defend himself.
You sock Grinder!
Grinder is severely wounded.
Drink which item? (? for menu, Esc to quit)
Really quaff
E - a sedimented yellow potion {!q}?
That liquid tasted very nasty...
You are poisoned.
It was a potion of poison {!q}.
* * * LOW HITPOINT WARNING * * *
You feel sick.
Grinder is no longer paralysed.
Grinder barely misses you.
Drink which item? (? for menu, Esc to quit)
Really quaff
w - a potion of curing {!q}?
You feel better. Grinder closely misses you.
Evoke which item? (* to show all) (? for menu, Esc to quit)
Okay, then.
Throwing (i - inventory. (,) - cycle):
d - 3 throwing nets (quivered)
Press: ? - help, Shift-Dir - straight line, f/p - Grinder
Aim: Grinder (severely wounded)
You throw a throwing net. The throwing net misses Grinder.
Grinder hits you but does no damage.
Throwing (i - inventory. (,) - cycle):
d - 2 throwing nets (quivered)
Press: ? - help, Shift-Dir - straight line, f/p - Grinder
Aim: Grinder (severely wounded)
You throw a throwing net. The throwing net hits Grinder.
Grinder is caught in the net!
Grinder is severely wounded.
Grinder struggles to escape the net.
The helpless Grinder fails to defend himself.
You hit Grinder.
Grinder is severely wounded.
Grinder struggles to escape the net. x2
Grinder breaks free.
Grinder misses you.
You hit Grinder but do no damage.
Grinder is severely wounded.
Grinder hits you.
You writhe in agony.
Evoke which item? (* to show all) (? for menu, Esc to quit)
Zapping:
z - a wand of paralysis {zapped: 10}
Press: ? - help, Shift-Dir - straight line, f/p - Grinder
Aim: Grinder (severely wounded) Grinder resists.
Grinder gestures at you.
You suddenly lose the ability to move!
Grinder says, "Mostly I couldn't keep them alive."
Grinder hits you!
* * * LOW HITPOINT WARNING * * *
Grinder gestures at you. Pain shoots through your body!
* * * LOW HITPOINT WARNING * * *
Grinder hits you.
You die...
Your body disappears without a glow.

*,.5#
#......##..##
**#.#
######.##....
#.# #......#
#.# ####.###
#.#
########.###
#.#
#...........
#.#
###.#######.##
#.#####.....#
#.##
#(5@..#.#.#.#
#.##
#####.....#.#
#.## ###.###.#
#.## #.....#
#... #######
#### #### #...
#.##


You could see Grinder.

Vanquished Creatures
  Blork the orc (D:4)
  A giant frog skeleton (D:5)
  A hound (D:4)
  An ogre skeleton (D:4)
  Terence (D:1)
  3 adders
  A worm (D:4)
  3 giant geckos
  4 orcs (D:4)
  12 bats
  4 giant cockroaches
  6 goblins
  3 hobgoblins (D:3)
  9 jackals
  3 giant newts (D:1)
  A goblin skeleton (D:4)
  8 kobolds
  9 rats
71 creatures vanquished.

Vanquished Creatures (others)
  A plant (D:2)
1 creature vanquished.

Grand Total: 72 creatures vanquished

Notes
Turn   | Place    | Note
--------------------------------------------------------------
     0 | D:1      | Amnesiac, the Spriggan Gladiator, began the quest for the Orb.
     0 | D:1      | Reached XP level 1. HP: 10/10 MP: 2/2
   102 | D:1      | Reached XP level 2. HP: 9/14 MP: 4/4
  1072 | D:2      | Found a shattered altar of Ashenzari.
  1077 | D:2      | Saw a vision of the Swamp and the Snake Pit.
  1077 | D:2      | Noticed a black mamba
  1077 | D:2      | Noticed a naga mage
  1077 | D:2      | Noticed a naga
  1077 | D:2      | Noticed a naga sharpshooter
  1077 | D:2      | Noticed a water moccasin
  1077 | D:2      | Noticed a raven
  1077 | D:2      | Noticed a swamp drake
  1078 | D:2      | Noticed a water moccasin
  1078 | D:2      | Noticed a giant frog
  1078 | D:2      | Noticed a naga ritualist
  1079 | D:2      | Noticed a swamp drake
  1124 | D:2      | Noticed Terence
  1481 | D:2      | Found a snail-covered altar of Cheibriados.
  1481 | D:2      | Found an ancient bone altar of Kikubaaqudgha.
  1484 | D:2      | Found a glowing silver altar of Zin.
  1709 | D:2      | Reached XP level 3. HP: 15/18 MP: 6/6
  2027 | D:3      | Noticed Grinder
  2030 | D:3      | Paralysed by Grinder for 2 turns
  2318 | D:3      | Noticed Sigmund
  3006 | D:4      | Reached XP level 4. HP: 14/22 MP: 8/8
  3300 | D:4      | Noticed an ogre
  3829 | D:4      | Noticed Blork the orc
  3856 | D:4      | Killed Blork the orc
  3856 | D:4      | Reached XP level 5. HP: 15/25 MP: 10/10
  4597 | D:5      | Entered Level 5 of the Dungeon
  4597 | D:5      | Noticed an ogre
  4602 | D:5      | Found a sparkling altar of Nemelex Xobeh.
  4611 | D:5      | Became a worshipper of Nemelex Xobeh the Trickster
  4623 | D:5      | Received a gift from Nemelex Xobeh
  4755 | D:5      | Noticed a centaur
  4786 | D:5      | Noticed an ice beast
  4806 | D:5      | Reached skill level 5 in Staves
  4846 | D:2      | Paralysed by Grinder for 4 turns
  5504 | D:1      | Killed Terence
  6245 | D:2      | Found an ancient bone altar of Kikubaaqudgha.
  6246 | D:2      | Found a glowing silver altar of Zin.
  6247 | D:2      | Found a snail-covered altar of Cheibriados.
  6517 | D:2      | Paralysed by Grinder for 5 turns
  6519 | D:2      | HP: 1/25 [Grinder/nerve-wracking pain (8)]
  6520 | D:2      | Slain by Grinder

Action                   |  1- 3 |  4- 6 || total
-------------------------+-------+-------++-------
Melee: Quarterstaff      |   152 |   131 ||   283
Throw: Throwing net      |     2 |     3 ||     5
Evoke: Wand              |       |    11 ||    11
       Deck              |       |     3 ||     3
  Use: Scroll            |     6 |     4 ||    10
       Potion            |       |     4 ||     4
 Stab: Sleeping          |     4 |       ||     4
       Held in net/web   |       |     4 ||     4
       Paralysed         |       |    11 ||    11
